 Dungeon Crawl Stone Soup version 0.18.1-5-g4a78601 (webtiles) character file.

646 tyrsky the Digger (level 7, -6/36 HPs)
             Began as a Gargoyle Earth Elementalist on May 14, 2016.
             Was a Follower of Vehumet.
             Killed by divine providence
             ... invoked by an orc priest
              (15 damage)
             ... on level 4 of the Dungeon.
             The game lasted 00:10:45 (3105 turns).

tyrsky the Digger (Gargoyle Earth Elementalist)     Turns: 3105, Time: 00:10:46

Health: -6/36      AC: 10    Str: 11    XL:     7   Next: 52%
Magic:  0/15       EV: 12    Int: 18    God:    Vehumet [*.....]
Gold:   99         SH:  0    Dex: 10    Spells: 2 memorised, 13 levels left

rFire  . . .     SeeInvis .     f - +0 club
rCold  + . .     Gourm    .     a - +0 robe
rNeg   + . .     Faith    .     (no shield)
rPois  ∞         Spirit   +     (no helmet)
rElec  +         Dismiss  .     k - +0 cloak
rCorr  +         Reflect  .     y - +2 pair of gloves
SustAt .         Harm     .     (no boots)
MR     .....                    A - amulet of guardian spirit
Stlth  ++........               n - ring of resist corrosion
                                e - ring of protection from cold

@: not resistant to hostile enchantments, unstealthy
A: negative energy resistance 1, electricity resistance, unbreathing,
petrification resistance, rot immunity, AC +4
a: Renounce Religion


You were on level 4 of the Dungeon.
You worshipped Vehumet.
Vehumet was aware of your devotion.
You were not hungry.

You visited 1 branch of the dungeon, and saw 4 of its levels.

You collected 99 gold pieces.

Inventory:

Hand Weapons
 f - a +0 club (weapon)
Missiles
 b - 94 stones (quivered)
Armour
 a - a +0 robe (worn)
 k - a +0 cloak (worn)
 y - a +2 pair of gloves (worn)
Jewellery
 e - a ring of protection from cold (left hand)
 n - a ring of resist corrosion (right hand)
 x - a -3 ring of protection
 A - an amulet of guardian spirit (around neck)
Wands
 t - a wand of teleportation (9/9)
Scrolls
 g - a scroll of teleportation
 i - a scroll of identify {@*1}
 j - a scroll of remove curse
 v - a scroll of recharging
Potions
 m - 2 potions of magic
 o - a potion of brilliance {unknown}
 p - a potion of degeneration {unknown}
 r - 3 potions of heal wounds {unknown}
 s - a potion of curing
 u - a potion of flight {unknown}
 z - a potion of berserk rage {unknown}
Books
 c - a book of Geomancy

   Spells                             Type                      Level
   a - Sandblast                      Earth                        1
   b - Passwall                       Transmutation/Earth          2
   c - Stone Arrow                    Conjuration/Earth            3
   d - Petrify                        Transmutation/Earth          4
   e - Lee's Rapid Deconstruction     Earth                        5
Comestibles
 d - 2 bread rations
 h - a beef jerky
 q - a meat ration
 w - 6 chunks of flesh


   Skills:
 - Level 1.5 Dodging
 - Level 2.1 Stealth
 * Level 5.6 Spellcasting
 + Level 3.4 Conjurations
   Level 0.7 Transmutations
 + Level 6.1 Earth Magic


You had 13 spell levels left.
You knew the following spells:

 Your Spells              Type           Power        Failure   Level  Hunger
a - Sandblast             Erth           ####..       1%          1    None
b - Stone Arrow           Conj/Erth      ###...       6%          3    ##.....


Dungeon Overview and Level Annotations

Branches:
Dungeon (4/15)
 Temple: D:4-7

Altars:
Dithmenos
Elyvilon
Kikubaaqudgha
Makhleb
Pakellas
Ru
Sif Muna
Trog
Vehumet
Xom
Yredelemnul

Annotations:
D:3 tyrsky's ghost, amateur GrEE


Innate Abilities, Weirdness & Mutations

You are resistant to torment.
Your stone body is resilient (AC +4).
You are immune to poison.
You resist negative energy.
You are resistant to electric shocks.
You can survive without breathing.
You are immune to petrification.
You are immune to rotting.


Message History

Casting: Sandblast
Confirm with . or Enter, or press ? or * to list all spells.
You don't have enough magic to cast that spell.
You hit the orc priest but do no damage.
The orc priest is almost dead.
The orc priest hits you with a dagger.
The orc priest invokes the aid of Beogh against you.
Pain shoots through your body!
* * * LOW HITPOINT WARNING * * *
Casting: Sandblast
Confirm with . or Enter, or press ? or * to list all spells.
You don't have enough magic to cast that spell.
Casting: Sandblast
Confirm with . or Enter, or press ? or * to list all spells.
You don't have enough magic to cast that spell.
You hit the orc priest but do no damage.
The orc priest is almost dead.
The orc priest invokes the aid of Beogh against you.
Beogh smites you!
You die...

........##...........'.....##....
.....................#.....##....
.................................
...#'#.#.#.........##..........##
...'<..#.##....#'####..........#
...#...#.(.....'...............##
#..#...###.....#.................
...#...#.#.....#..............)(.
.......#.......#9####.........(..
...)...........oo......>.........
.#)#.......#...##.......#.##)....
.#.##.#....#.####.........##.....
.#+#.......#...##........[§).....
..........................##.....
................####.......+.....
...........................#.....
.................######.#..#.....


You could see 2 orc priests.

Vanquished Creatures
  Sigmund (D:2)
  A giant frog (D:4)
  2 orc priests (D:4)
  An orc wizard (D:3)
  Jessica (D:2)
  Natasha (thrice) (D:2)
  7 gnolls
  8 adders
  An adder skeleton (D:4)
  2 worms
  7 giant geckos
  7 orcs
  2 ball pythons
  9 bats
  2 giant cockroaches
  3 goblins (D:1)
  8 hobgoblins
  14 jackals
  3 quokkas
  2 giant newts (D:3)
  5 kobolds
  9 rats
98 creatures vanquished.

Notes
Turn   | Place    | Note
--------------------------------------------------------------
     0 | D:1      | tyrsky the Gargoyle Earth Elementalist began the quest for the Orb.
     0 | D:1      | Reached XP level 1. HP: 10/10 MP: 3/3
   202 | D:1      | Reached XP level 2. HP: 15/15 MP: 3/5
   206 | D:1      | Reached skill level 4 in Earth Magic
   711 | D:1      | Reached XP level 3. HP: 19/19 MP: 5/7
  1059 | D:1      | Learned a level 3 spell: Stone Arrow
  1175 | D:2      | Noticed Jessica
  1196 | D:2      | Killed Jessica
  1196 | D:2      | Reached XP level 4. HP: 20/24 MP: 1/9
  1226 | D:2      | Noticed Natasha
  1269 | D:2      | Killed Natasha
  1269 | D:2      | Reached skill level 1 in Conjurations
  1359 | D:2      | Reached XP level 5. HP: 28/28 MP: 5/10
  1409 | D:2      | Found a bloodstained altar of Trog.
  1411 | D:2      | Found a white marble altar of Elyvilon.
  1519 | D:2      | Noticed Natasha
  1537 | D:2      | Killed Natasha
  1561 | D:2      | Found a deep blue altar of Sif Muna.
  1565 | D:2      | Found a basalt altar of Yredelemnul.
  1585 | D:2      | Noticed Sigmund
  1595 | D:2      | Killed Sigmund
  1595 | D:2      | Reached skill level 5 in Earth Magic
  1595 | D:2      | Reached XP level 6. HP: 9/32 MP: 2/12
  1655 | D:2      | Noticed Natasha
  1832 | D:2      | Killed Natasha
  1929 | D:3      | Found an oddly glowing altar of Pakellas.
  1930 | D:3      | Found a radiant altar of Vehumet.
  1937 | D:3      | Noticed tyrsky's ghost (amateur GrEE)
  2121 | D:3      | Found a burning altar of Makhleb.
  2283 | D:3      | Found a shimmering altar of Xom.
  2284 | D:3      | Found a shadowy altar of Dithmenos.
  2285 | D:3      | Found an ancient bone altar of Kikubaaqudgha.
  2291 | D:3      | Became a worshipper of Vehumet
  2385 | D:3      | Reached skill level 5 in Spellcasting
  2456 | D:3      | Reached XP level 7. HP: 34/36 MP: 0/14
  2459 | D:3      | Found a glowing drain.
  2670 | D:4      | Reached * piety under Vehumet
  2670 | D:4      | Offered knowledge of Sting by Vehumet.
  2724 | D:4      | Found a sacrificial altar of Ru.
  2777 | D:4      | Reached skill level 6 in Earth Magic
  3105 | D:4      | Killed from afar by an orc priest

Skill      XL: |  1  2  3  4  5  6  7 |
---------------+----------------------+-----
Earth Magic    | 4 5 6 |  6.1
Spellcasting   | 3 4 5 |  5.6
Conjurations   | 1 2 3 |  3.4
Dodging        | |  1.5
Stealth        | |  2.1
Transmutations | |  0.7

Action                   |  1- 3 |  4- 6 |  7- 9 || total
-------------------------+-------+-------+-------++-------
Melee: Club              |    55 |     7 |    22 ||    84
       Unarmed           |     5 |       |       ||     5
 Cast: Sandblast         |    55 |   114 |    65 ||   234
  Use: Scroll            |       |     5 |     2 ||     7
  Eat: Chunk             |     1 |     4 |     2 ||     7
Armor: Robe              |    32 |    27 |    32 ||    91
Dodge: Dodged            |    91 |    39 |    50 ||   180
